 Dungeon Crawl Stone Soup version 0.27-a0-1416-g941b2bd30b (webtiles) character file.

Game seed: 3757068107918074842

61 sokol815 the Conjurer (level 4, -1/27 HPs)
             Began as an Octopode Conjurer on July 1, 2021.
             Killed by nerve-wracking pain
             ... invoked by an orc priest
              (12 damage)
             ... on level 4 of the Dungeon.
             The game lasted 00:04:22 (1803 turns).

sokol815 the Conjurer (Octopode Conjurer)           Turns: 1803, Time: 00:04:23

Health: -1/27      AC:  1    Str:  6    XL:     4   Next: 7%
Magic:  5/7        EV: 13    Int: 20    God:
Gold:   58         SH:  0    Dex: 11    Spells: 4/7 levels left

rFire    . . .     SeeInvis .   a - +1 hand axe (freeze)
rCold    . . .     Faith    .   (no shield)
rNeg     . . .     Spirit   .   (helmet restricted)
rPois    .         Reflect  .   (no amulet)
rElec    .         Harm     .   W - ring of willpower
rCorr    .         Rampage  .   (no ring)
Will     +....                  (no ring)
Stlth    +++.......             (no ring)
HPRegen  0.09/turn              (no ring)
MPRegen  0.10/turn              (no ring)
                                (no ring)
                                (no ring)

@: no status effects
A: almost no armour, amphibious, 8 rings, camouflage 1, gelatinous body 1,
(nimble swimmer 1), tentacles
a: no special abilities


You were on level 4 of the Dungeon.
You visited 1 branch of the dungeon, and saw 3 of its levels.

You collected 58 gold pieces.

Inventory:

Hand Weapons
 a - a +1 hand axe of freezing (weapon)
   (You found it on level 1 of the Dungeon)
Missiles
 b - 23 arrows
 s - 10 stones
Jewellery
 W - a ring of willpower (left tentacle)
   (You found it on level 2 of the Dungeon)
Wands
 j - a wand of polymorph (10)
   (You found it on level 4 of the Dungeon)
Scrolls
 c - a scroll of vulnerability {unknown}
 d - 2 scrolls of torment {unknown}
 e - a scroll of teleportation {unknown}
Potions
 f - a potion of haste {unknown}


   Skills:
 - Level 2.0 Dodging
 - Level 2.6 Stealth
 - Level 2.0 Spellcasting
 + Level 5.5 Conjurations


You had 4 spell levels left.
You knew the following spells:

 Your Spells              Type           Power      Damage    Failure   Level
a - Magic Dart            Conj           96%        1d7       1%          1
b - Searing Ray           Conj           48%        3d5       2%          2

Your spell library contained the following spells:

 Spells                   Type           Power      Damage    Failure   Level
 Summon Small Mammal      Summ           8%         N/A       16%         1
 Dazzling Flash           Conj/Hex       26%        N/A       16%         3
 Slow                     Hex            2%         N/A       24%         2
 Call Canine Familiar     Summ           2%         N/A       43%         3
 Summon Guardian Golem    Hex/Summ       2%         N/A       43%         3
 Vampiric Draining        Necr           1%         2d6       43%         3
 Fulminant Prism          Conj/Hex       6%         3d7       45%         4
 Iskenderun's Mystic Bla  Conj/Tloc      13%        2d5       45%         4
 Petrify                  Tmut/Erth      2%         N/A       83%         4


Dungeon Overview and Level Annotations

Branches:
Dungeon (2/15)

Altars:

Annotations:
D:2 exclusion: ogre


Innate Abilities, Weirdness & Mutations

You cannot wear most types of armour.
You are amphibious.
You can wear up to eight rings at the same time.
Your skin changes colour to match your surroundings (Stealth+).
Your rubbery body absorbs attacks. (AC +1, EV +1)
((You are camouflaged near water. (Stealth+)))
You have tentacles for arms and can constrict up to eight enemies at once.


Message History

d - 2 scrolls labelled GOEXTE WOAMI (gained 1)
There is a fountain of clear blue water here.
There is a fountain of clear blue water here.
There is a fountain of clear blue water here.
A hobgoblin comes into view.
There is an open door here.
The magic dart hits the hobgoblin but does no damage.
The hobgoblin shouts!
You now have 5/6 mp.
Aim: a hobgoblin (78% to hit)
The searing ray hits the hobgoblin!
You kill the hobgoblin! (Press . to maintain the ray.)
You now have 3/6 mp.
You start resting.
MP restored: 6 You now have 58 gold pieces (gained 4).
e - a scroll labelled SYCOFO SIESHABB Unknown command.
There is a fountain of clear blue water here.
There is a fountain of clear blue water here.
There is a fountain of clear blue water here.
There is an open door here.
There is an open door here.
There is an open door here.
You open the door.
There is an open door here.
You fall into a shaft and drop 2 floors!
The shaft crumbles and collapses.
You hear the hiss of flowing sand.
There is an entrance to an ossuary on this level.
Hurry and find it before the portal is buried!
Found a scroll labelled RICUXK UW XUY and a scale mail.
Found a stone staircase leading up.
A quokka comes into view.
Okay, then.
The searing ray hits the quokka.
You kill the quokka! (Press . to maintain the ray.)
You have reached level 4!
Health restored: 27 You now have 4/7 mp.
f - a scroll labelled RICUXK UW XUY
As you read the scroll labelled RICUXK UW XUY, it crumbles to dust.
You feel aware of your surroundings.
You sensed 3 altars, and 1 shop/portal.
It was a scroll of magic mapping.
f - a bubbling sapphire potion A goblin comes into view.
It is wielding a +0 dagger.
You see here 27 stones.
The goblin shouts!
You hear a shout! x2
The searing ray misses the goblin. (Press . to maintain the ray.)
You now have 4/7 mp.
The searing ray hits the goblin!
You kill the goblin!
You now have 3/7 mp.
A goblin comes into view. It is wielding a +0 dagger.
A jelly comes into view.
A kobold comes into view. It is wielding a +0 short sword.
An orc wizard comes into view. It is wielding a +0 dagger.
The goblin unwields a +0 dagger.
The goblin wields a +0 hunting sling.
The goblin shoots a stone.
The stone closely misses you.
The kobold hits you with a +0 short sword.
You take 3 damage, and have 24/27 hp.
The kobold barely misses you.
The kobold hits you with a +0 short sword.
The goblin shoots a stone.
The stone hits you.
You take 9 damage, and have 15/27 hp.
MASSIVE DAMAGE!!
The kobold hits you with a +0 short sword.
You take 3 damage, and have 12/27 hp.
Unknown command.
The searing ray misses the kobold. (Press . to maintain the ray.)
You now have 3/7 mp.
The searing ray hits the kobold!
You kill the kobold!
The searing ray hits the goblin!
You kill the goblin!
You now have 2/7 mp.
A kobold comes into view. It is wielding a +0 whip.
You hear the slow hiss of a very distant avalanche of sand.
A kobold comes into view.
It is wielding a +2 short sword of freezing.
You see here a book of Callings.
You pick up a book of Callings and begin reading...
You add the spells Summon Small Mammal, Call Canine Familiar and Summon Guardian Golem to your library.
The kobold throws a stone.
The stone hits you.
You take 2 damage, and have 10/27 hp.
The kobold shouts!
An endoplasm comes into view.
Found a stone staircase leading down.
The endoplasm quivers.
A hobgoblin comes into view.
You see here a wand of polymorph (10).
j - a wand of polymorph (10)
An orc priest comes into view.
It is wielding a +0 club. 2 orcs come into view.
The hobgoblin shouts!
The orc priest shouts!
The orc shouts! x2
The orc priest calls down the wrath of Beogh upon you.
Pain shoots through your body!
You die...

##.....#* #..# *,,,,,,*
##.....####..# *......*
.........##..####....o.*
.K.K.......>...........*
########.###..#**......* *
#.......K.K.# *......*
**##########..###o.....* +,,,,,*
#.g.J.#****** *,,,,,*** #.###@#
*,,,,,*,* #.# #.#**** *,,,,,*,*
### #..,,,* *,,,,,*,*
####*,************ ****+**,*
***** *,,,,,,,,,,,,, *,,,,**,*
*,,,******,*,***,,,***,
*,,,,**,***,,,,,,,,,,,,,,,,,,,,,,
+,,,,**,,,,,*,,***+***,***+***,,*
*,,,,****,,***,,**,**,,,**∩**,,**


You could see an orc priest, an orc, an endoplasm, a hobgoblin and 2 kobolds.

Vanquished Creatures
  An adder (D:2)
  A worm (D:2)
  4 endoplasms
  A giant cockroach (D:1)
  5 goblins
  6 hobgoblins
  4 jackals (D:1)
  4 kobolds
  2 quokkas
  3 ball pythons
  6 bats
  A frilled lizard (D:1)
  3 rats
41 creatures vanquished.

Vanquished Creatures (others)
  5 toadstools (D:1)
5 creatures vanquished.

Grand Total: 46 creatures vanquished

Notes
Turn   | Place    | Note
-------+----------+-------------------------------------------
     0 | D:1      | sokol815 the Octopode Conjurer began the quest for the Orb.
     0 | D:1      | Reached XP level 1. HP: 11/11 MP: 3/3
   169 | D:1      | Reached XP level 2. HP: 17/17 MP: 1/5
   690 | D:1      | Learned a level 2 spell: Searing Ray
   765 | D:1      | Found a faded altar of an unknown god.
   847 | D:1      | Reached XP level 3. HP: 16/21 MP: 0/6
   990 | D:2      | Reached skill level 5 in Conjurations
  1486 | D:2      | Noticed an ogre
  1731 | D:2      | You fall into a shaft and drop 2 floors!
  1733 | D:4      | Reached XP level 4. HP: 27/27 MP: 4/7
  1803 | D:4      | Killed from afar by an orc priest

Illustrated notes

Levels and vault maps discovered:
D:1:      ldierk_walled_garden, layout_rooms,
          hellmonk_ecumenical_altar_heavens_door
D:2:      layout_basic, serial_glass, glass_columns_b, glass_columns_b,
          minmay_nonomino_d4
D:4:      minmay_clustersquares, layout_rooms, kennysheep_mini,
          gammafunk_temple_overflow_elements, nicolae_ossuary_entry_giza,
          kennysheep_generic_room_9

Skill      XL: |  1  2  3 |
---------------+----------+-----
Conjurations   | 5 |  5.5
Dodging        | |  2.0
Stealth        | |  2.6
Spellcasting   | |  2.0

Action                   |  1- 3 |  4- 6 || total
-------------------------+-------+-------++-------
Melee: Hand axe          |    19 |       ||    19
       Constrict         |     3 |       ||     3
 Cast: Magic Dart        |    52 |       ||    52
       Searing Ray       |     6 |     2 ||     8
  Use: Scroll            |       |     1 ||     1
Armor: Skin              |     4 |       ||     4
Dodge: Dodged            |    16 |     2 ||    18

Table legend: (Time is in decaauts)
 A = Elapsed time spent in this place.
 B = Non-inter-level travel time spent in this place.
 C = Inter-level travel time spent in this place.
 D = Time resting spent in this place.
 E = Time spent auto-exploring this place.
 F = Levels seen in this place.
 G = Mean time per level.
                   A        B        C        D        E       F      G
               +--------+--------+--------+--------+--------+-----+--------+
         Total |   1807 |   1801 |      6 |    452 |   1110 |   3 |  602.3 |
       Dungeon |   1807 |   1801 |      6 |    452 |   1110 |   3 |  602.3 |
               +--------+--------+--------+--------+--------+-----+--------+

Top non-repeatable levels by time:
     D:1: 979 daAuts
     D:2: 755 daAuts
     D:4: 71 daAuts

Table legend:
 A = Kills in this place as a percentage of kills in entire the game.
 B = Kills by you in this place as a percentage of kills by you in the entire game.
 C = Kills by friends in this place as a percentage of kills by friends in the entire game.
 D = Other kills in this place as a percentage of other kills in the entire game.
 E = Experience gained in this place as a percentage of experience gained in the entire game.
 F = Experience gained in this place divided by the number of levels of this place that you have seen.
                   A       B       C       D       E      F
               +-------+-------+-------+-------+-------+----------------------
         Total | 100.0 | 100.0 |   N/A |   N/A | 100.0 |  29.3
       Dungeon | 100.0 | 100.0 |   N/A |   N/A | 100.0 |  29.3
               +-------+-------+-------+-------+-------+----------------------
